 Dungeon Crawl Stone Soup version 0.31-a0-596-g831eee08f1 (webtiles) character file.

Game seed: 18114834245848441741

26 thirtiethelement the Firebug (level 2, -1/24 HPs)
             Began as a Demonspawn Cinder Acolyte on Aug 20, 2023.
             Was a High Priest of Ignis.
             Slain by a worm (10 damage)
             ... on level 2 of the Dungeon.
             The game lasted 00:02:44 (1125 turns).

thirtiethelement the Firebug (DsCA)                 Turns: 1125, Time: 00:02:45

Health: -1/24      AC:  2    Str: 14    XL:     2   Next: 89%
Magic:  0/3        EV: 10    Int: 15    God:    Ignis [*****.]
Gold:   37         SH:  3    Dex:  8    Spells: 1/3 levels left

rFire   + . .        a - -1 falchion (flame)
rCold   . . .        f - +0 buckler
rNeg    . . .        b - +0 robe
rPois   .            (no helmet)
rElec   .            (no cloak)
rCorr   .            (no gloves)
SInv    .            (no boots)
Will    .....        (no amulet)
Stlth   +            (no ring)
HPRegen 0.24/turn    (no ring)
MPRegen 0.08/turn

%: no passive effects
@: no status effects
A: powered by death 1
a: Renounce Religion, Fiery Armour, Foxfire Swarm, Rising Flame


You were on level 2 of the Dungeon.
You worshipped Ignis.
Ignis was extremely pleased with you.
You visited 1 branch of the dungeon, and saw 2 of its levels.

You collected 37 gold pieces.

Inventory:

Hand Weapons
 a - a -1 falchion of flaming (weapon)
Armour
 b - a +0 robe (worn)
 f - a +0 buckler (worn)
Magical Staves
 g - a staff of cold
Talismans
 k - a beast talisman
Scrolls
 d - a scroll of vulnerability {unknown}
 e - 2 scrolls of identify {unknown}
 h - a scroll of blinking {unknown}
 i - a scroll of silence {unknown}
 j - a scroll of noise {unknown}
 l - a scroll of teleportation {unknown}
Potions
 c - a potion of curing {unknown}
 m - a potion of enlightenment {unknown}


   Skills:
 + Level 3.2 Fighting
 + Level 3.0 Long Blades
 + Level 1.0 Spellcasting
 + Level 3.2 Fire Magic


You had one spell level left.
You knew the following spells:

 Your Spells              Type           Power      Damage    Failure   Level
a - Scorch                Fire           20%        2d5       13%         2

Your spell library contained the following spells:

 Spells                   Type           Power      Damage    Failure   Level
 Cigotuvi's Dreadful Rot  Necr/Pois/Air  0%         N/A       45%         2
 Ignite Poison            Fire/Tmut/Pois 4%         N/A       54%         3
 Tukima's Dance           Hex            0%         N/A       69%         3
 Passage of Golubria      Tloc           0%         N/A       97%         4
 Freezing Cloud           Conj/Ice/Air   0%         6-21      100%        5
 Yara's Violent Unravell  Hex/Tmut       0%         3d3       100%        5


Dungeon Overview and Level Annotations

Branches:
Dungeon (2/15)

Altars:
Uskayaw


Innate Abilities, Weirdness & Mutations

You regenerate a little health from kills.


Message History

You kill the dart slug!
Your Long Blades skill increases to level 3!
Found a scroll labelled WOMYIT FAITH.
A goblin comes into view. It is wielding a +0 club.
The goblin shouts!
The goblin closely misses you.
You barely miss the goblin. The goblin hits you with a +0 club.
You hit the goblin. You burn the goblin.
You kill the goblin!
A bat comes into view.
A worm comes into view.
You see here a +0 club.
Found a scroll labelled BEUGYGHY IQOTS and a scroll labelled WOTIMMISAO.
The goblin closely misses you.
You barely miss the goblin. The bat hits you. The goblin barely misses you.
You block the bat's attack. The goblin hits you with a +0 club.
You hit the goblin but do no damage. The bat closely misses you.
The goblin closely misses you.
You completely miss the goblin. The bat hits you. The goblin barely misses you.
You miss the goblin. You block the bat's attack. The goblin barely misses you.
You barely miss the goblin. The bat hits you. The goblin barely misses you.
The bat hits you but does no damage. The goblin hits you with a +0 club.
You hit the goblin but do no damage. The bat hits you but does no damage.
The goblin closely misses you.
You completely miss the goblin. The worm closely misses you.
The goblin hits you with a +0 club. The bat closely misses you.
You hit the goblin but do no damage. The bat hits you.
The bat hits you but does no damage. You block the goblin's attack.
The worm bites you.
You are too injured to fight recklessly!
Casting: Scorch (safe; 13% risk of failure)
Confirm with . or Enter, or press ? or * to list all spells.
Flames lash the worm.
The worm is moderately wounded.
The worm's fire resistance burns away.
The bat hits you. The goblin hits you but does no damage.
You hit the worm. You burn the worm.
The worm is almost dead.
The bat hits you but does no damage. The goblin misses you. The worm bites you!
You die...

#...#.. .......
....... ...?..
....... #.....#
....... ......
....... #....
?.....g####..# #
......w@##...####..
......b.)..........
............†.....#
?...$.....†..#####
.........###..#
.........# ##.#####
###.####.# #.....#
... ..# #####.# ..
..# #.####


You could see a worm (combustible), a goblin and a bat.

Vanquished Creatures
  A dart slug (D:2)
  3 bats (D:1)
  2 hobgoblins (D:1)
  A quokka (D:1)
  4 ball pythons (D:1)
  2 frilled lizards (D:1)
  4 goblins
  3 kobolds (D:1)
  6 rats
26 creatures vanquished.

Notes
Turn   | Place    | Note
-------+----------+-------------------------------------------
     0 | D:1      | thirtiethelement the Demonspawn Cinder Acolyte began the
                  | quest for the Orb.
     0 | D:1      | Reached XP level 1. HP: 18/18 MP: 2/2
   299 | D:1      | Found a faded altar of an unknown god.
   306 | D:1      | Gained mutation: You regenerate a little health from kills.
                  | [demonic ancestry]
   306 | D:1      | Reached XP level 2. HP: 11/24 MP: 3/3
   312 | D:1      | Learned a level 2 spell: Scorch
  1091 | D:2      | Found a hide-covered altar of Uskayaw.
  1125 | D:2      | Slain by a worm

Illustrated notes

Levels and vault maps discovered:
D:1:      elethiomel_arrival_maze, layout_loops_ring, serial_bayou,
          serial_bayou_ford_a, serial_bayou_shore_b, serial_bayou_shore_b,
          hellmonk_ecumenical_altar_lost_god
D:2:      layout_rooms, basic_altar

Skill      XL: |  1  2 |
---------------+-------+-----
Fire Magic     | 3 |  3.2
Long Blades    | 3 |  3.0
Fighting       | |  3.2
Spellcasting   | |  1.0

Action                     || total
---------------------------++-------
  Melee: Falchion          ||    75
   Cast: Scorch            ||     8
 Armour: Robe              ||    20
  Dodge: Dodged            ||    58
  Block: Buckler           ||    10

Table legend: (Time is in decaauts)
 A = Elapsed time spent in this place.
 B = Non-inter-level travel time spent in this place.
 C = Inter-level travel time spent in this place.
 D = Time resting spent in this place.
 E = Time spent auto-exploring this place.
 F = Levels seen in this place.
 G = Mean time per level.
                   A        B        C        D        E       F      G
               +--------+--------+--------+--------+--------+-----+--------+
         Total |   1159 |   1149 |     10 |      0 |    945 |   2 |  579.5 |
       Dungeon |   1159 |   1149 |     10 |      0 |    945 |   2 |  579.5 |
               +--------+--------+--------+--------+--------+-----+--------+

Top non-repeatable levels by time:
     D:1: 1118 daAuts
     D:2: 40 daAuts
